 Dungeon Crawl Stone Soup version 0.30.1-3-gfc49f6343a (webtiles) character file.

Game seed: 6392329909602590430

757 FishyPogo the Gusty (level 7, 0/57 HPs)
             Began as a Purple Draconian Air Elementalist on July 31, 2023.
             Slain by an orc warrior
             ... wielding a +0 mace
              (12 damage)
             ... on level 5 of the Dungeon.
             The game lasted 00:26:41 (3611 turns).

FishyPogo the Gusty (DrAE)                          Turns: 3611, Time: 00:26:42

Health: 0/57       AC:  6    Str: 10 (11) XL:     7   Next: 50%
Magic:  11/11      EV: 12    Int: 16 (17) God:
Gold:   238        SH:  0    Dex: 11      Spells: 8/12 levels left

rFire   + . .        k - +4 rapier
rCold   + . .        (no shield)
rNeg    . . .        (body armour unavailable)
rPois   .            (helmet restricted)
rElec   .            (no cloak)
rCorr   .            (no gloves)
SInv    .            (no boots)
Will    +....        l - amulet "Ycica" {RegenMP Fly rC+}
Stlth   ++           r - ring of protection from fire
HPRegen 0.29/turn    (no ring)
MPRegen 0.52/turn

%: no passive effects
@: brilliant, short of breath, flying
A: breathe power, AC +6, unfitting armour, cold-blooded
a: Breathe Dispelling Energy


You were on level 5 of the Dungeon.
You visited 2 branches of the dungeon, and saw 6 of its levels.

You collected 238 gold pieces.

Inventory:

Hand Weapons
 b - a +2 dagger of protection
 k - a +4 rapier (weapon)
Missiles
 d - 2 throwing nets
 i - 2 boomerangs
 j - 37 stones
 p - 3 curare-tipped darts
 t - 4 poisoned darts
Jewellery
 a - an amulet of regeneration
 l - the amulet "Ycica" (around neck) {RegenMP Fly rC+}
   (You found it on level 3 of the Dungeon)

   [amulet of magic regeneration]

   It increases your rate of magic regeneration.
   rC:        It protects you from cold.
   Fly:       It grants you flight.
 r - a ring of protection from fire (left hand)
Scrolls
 e - 2 scrolls of teleportation
 g - a scroll of magic mapping {unknown}
 h - 2 scrolls of identify {unknown}
 m - a scroll of fear {unknown}
 o - a scroll of noise {unknown}
 q - 2 scrolls of immolation {unknown}
 s - 2 scrolls of brand weapon {unknown}
 v - a scroll of enchant armour {unknown}
 w - a scroll of butterflies {unknown}
 x - a scroll of vulnerability {unknown}
Potions
 c - a potion of magic
 f - 2 potions of degeneration
 u - 2 potions of attraction


   Skills:
 + Level 3.2 Fighting
 + Level 3.7 Short Blades
 + Level 3.3 Dodging
 - Level 2.0 Stealth
 - Level 3.0 Spellcasting
 - Level 3.0 Conjurations
 * Level 5.4 Air Magic


You had 8 spell levels left.
You knew the following spells:

 Your Spells              Type           Power      Damage    Failure   Level
a - Shock                 Conj/Air       92%        1d8       3%          1
b - Static Discharge      Conj/Air       46%        2-4/arc   4%          2
c - Beastly Appendage     Tmut           6%         N/A       19%         1

Your spell library contained the following spells:

 Spells                   Type           Power      Damage    Failure   Level
 Swiftness                Air            29%        N/A       6%          3
 Cigotuvi's Dreadful Rot  Necr/Pois/Air  24%        N/A       14%         2
 Airstrike                Air            14%        2d(3-19)  21%         4
 Sublimation of Blood     Necr           3%         N/A       28%         2
 Wereblood                Tmut           3%         N/A       28%         2
 Ignite Poison            Fire/Tmut/Pois 3%         N/A       50%         3
 Spider Form              Tmut/Pois      3%         N/A       50%         3
 Freezing Cloud           Conj/Ice/Air   8%         6-21      86%         5
 Petrify                  Tmut/Erth      3%         N/A       88%         4
 Irradiate                Conj/Tmut      5%         3d13      95%         5


Dungeon Overview and Level Annotations

Branches:
Dungeon (5/15)             Temple (1/1) D:4

Altars:
Cheibriados
Elyvilon
Fedhas
Gozag
Hepliaklqana
Kikubaaqudgha
Nemelex Xobeh
Qazlal
Sif Muna
Trog
Uskayaw
Wu Jian
Xom
Yredelemnul
Zin
The Shining One

Shops:
D:4 *


Innate Abilities, Weirdness & Mutations

You can breathe bolts of dispelling energy.
Your rich purple scales are hard. (AC +6)
You cannot fit into any form of body armour.
You are cold-blooded and may be slowed by cold attacks.


Message History

The orc warrior completely misses you.
You barely miss the orc warrior.
The orc warrior is severely wounded.
The orc warrior hits you with a +0 mace.
You barely miss the orc warrior.
You tail-slap the orc warrior, but do no damage.
The orc warrior is severely wounded.
The orc warrior closely misses you.
You hit the orc warrior but do no damage.
The orc warrior is severely wounded.
The orc warrior hits you with a +0 mace.
The orc warrior hits you with a +0 mace!
The orc warrior attacks as you move away!
The orc warrior misses you.
Casting: Shock (safe; 3% risk of failure)
Confirm with . or Enter, or press ? or * to list all spells.
Aiming: Shock (safe; 3% risk of failure)
Press: ? - help, Shift-Dir - straight line The zap hits the orc warrior but does no damage.
The orc warrior is severely wounded.
The zap hits something.
Reactivating autopickup.
You feel a bit more experienced.
The orc warrior hits you with a +0 mace.
* * * LOW HITPOINT WARNING * * *
Unknown command.
It was a potion of brilliance.
You feel clever all of a sudden.
The orc warrior hits you with a +0 mace.
* * * LOW HITPOINT WARNING * * *
Casting: Shock (safe; 3% risk of failure)
Confirm with . or Enter, or press ? or * to list all spells.
You feel a surge of power!
The orc warrior is struck by an arc of lightning.
The orc warrior is almost dead.
You are struck by an arc of lightning.
* * * LOW HITPOINT WARNING * * *
The lightning grounds out.
The orc warrior hits you with a +0 mace!
You die...

#### .#<.#
.........oo[..#
#.###.#....####
.......... ###
#.##.######
#.#.)oo@.<#
..##.######
####


You could see an orc warrior and an orc.

Vanquished Creatures
  Eustachio (D:4)
  A black bear (D:3)
  A phantom (D:4)
  A hound (D:4)
  2 orc priests (D:4)
  A gnoll bouda (D:4)
  A sleepcap (D:5)
  An iguana (D:5)
  An orc wizard (D:5)
  11 gnolls
  6 adders
  3 worms
  5 ball pythons
  4 bats
  7 endoplasms
  4 giant cockroaches
  7 hobgoblins
  4 jackals (D:4)
  5 quokkas
  3 frilled lizards
  8 goblins
  12 kobolds
  4 rats
93 creatures vanquished.

Notes
Turn   | Place    | Note
-------+----------+-------------------------------------------
     0 | D:1      | FishyPogo the Draconian Air Elementalist began the quest
                  | for the Orb.
     0 | D:1      | Reached XP level 1. HP: 14/14 MP: 3/3
   187 | D:1      | Reached XP level 2. HP: 22/22 MP: 1/5
   190 | D:1      | Learned a level 2 spell: Static Discharge
   466 | D:1      | Reached skill level 1 in Short Blades
   702 | D:2      | Reached skill level 1 in Fighting
   702 | D:2      | Reached XP level 3. HP: 28/28 MP: 6/6
   759 | D:2      | Found a stormy altar of Qazlal.
   905 | D:2      | Found a faded altar of an unknown god.
  1194 | D:2      | Learned a level 1 spell: Beastly Appendage
  1376 | D:2      | Reached XP level 4. HP: 14/35 MP: 7/7
  1436 | D:3      | Identified the amulet "Ycica" {RegenMP Fly rC+}
  1715 | D:3      | Found an ornate altar of the Wu Jian Council.
  1735 | D:3      | Noticed a black bear
  1746 | D:3      | Killed a black bear
  1747 | D:3      | Reached skill level 4 in Air Magic
  1747 | D:3      | Reached XP level 5. HP: 29/41 MP: 6/8
  2240 | D:5      | Entered Level 5 of the Dungeon
  2385 | D:4      | Found a glowing silver altar of Zin.
  2386 | D:4      | Noticed Eustachio
  2423 | D:4      | HP: 2/41 [Eustachio/+4 rapier (7)]
  2424 | D:4      | Killed Eustachio
  2425 | D:4      | Reached XP level 6. HP: 3/49 MP: 5/9
  2759 | D:4      | Found an opulent altar of Gozag.
  2763 | D:4      | Found Gozag's Platinum Reserve.
  2876 | D:4      | Found a staircase to the Ecumenical Temple.
  2886 | D:4      | Reached skill level 5 in Air Magic
  2886 | D:4      | Your scales start taking on a rich purple colour.
  2886 | D:4      | Reached XP level 7. HP: 52/56 MP: 7/11
  2891 | Temple   | Entered the Ecumenical Temple
  3201 | D:4      | Found a sparkling altar of Nemelex Xobeh.
  3611 | D:5      | Slain by an orc warrior

Illustrated notes

Levels and vault maps discovered:
D:1:      dpeg_arrival_rhombus, layout_basic
D:2:      layout_loops_ring, basic_altar,
          shapermc_ecumenical_altar_starsandcircs
D:3:      layout_loops_cross, mainiacjoe_overflow_brackets, kennysheep_boxes
D:4:      layout_loops_ring, mainiacjoe_overflow_concentric_impassable,
          nicolae_gozag_zags_fifth_avenue, old_standard_altar,
          minmay_temple_entry_waves, uniq_eustachio
D:5:      layout_basic
Temple:   chequers_temple_sunken

Skill      XL: |  1  2  3  4  5  6  7 |
---------------+----------------------+-----
Stealth        | 2 |  2.0
Short Blades   | 1 2 3 |  3.7
Fighting       | 1 2 3 |  3.2
Dodging        | 2 3 |  3.3
Conjurations   | 2 3 |  3.0
Air Magic      | 4 5 |  5.4
Spellcasting   | 3 |  3.0

Action                     |  1- 3 |  4- 6 |  7- 9 || total
---------------------------+-------+-------+-------++-------
  Melee: Short sword       |    38 |    26 |       ||    64
         Tailslap          |     6 |     2 |    10 ||    18
         Kick              |       |     4 |       ||     4
         Dagger            |       |     1 |       ||     1
         Headbutt          |       |     1 |       ||     1
         Rapier            |       |    12 |    25 ||    37
   Cast: Shock             |    65 |   108 |    29 ||   202
         Beastly Appendage |       |     2 |       ||     2
         Static Discharge  |       |     5 |     1 ||     6
Ability: Breathe Dispellin |       |       |     3 ||     3
    Use: Potion            |     2 |     3 |     1 ||     6
         Scroll            |       |     1 |       ||     1
   Stab: Sleeping          |     2 |       |       ||     2
 Armour: Skin              |    15 |    14 |     8 ||    37
  Dodge: Dodged            |    27 |    47 |    35 ||   109
